 Dungeon Crawl Stone Soup version 0.28-a0-1510-gd0f6b136d3 (webtiles) character file.

Game seed: 15576381329744491044

10523 zazu2006 the Covert (level 11, -6/97 HPs)
             Began as a Naga Hedge Wizard on Jan 15, 2022.
             Was a Believer of Vehumet.
             Mangled by a two-headed ogre (18 damage)
             ... on level 11 of the Dungeon on Jan 16, 2022.
             The game lasted 00:29:00 (13440 turns).

zazu2006 the Covert (Naga Hedge Wizard)            Turns: 13440, Time: 00:29:01

Health: -6/97      AC:  7    Str: 19    XL:     11   Next: 63%
Magic:  14/22      EV: 11    Int: 23    God:    Vehumet [**....]
Gold:   734        SH:  0    Dex: 12    Spells: 15/25 levels left

rFire   . . .      SeeInvis +   k - +4 spear "Jellyslayer" {flame, rC- rN+ Str+4 Dex+2}
rCold   x . .      Faith    .   (no shield)
rNeg    + . .      Spirit   .   f - +0 leather armour
rPois   +          Reflect  .   g - +0 helmet
rElec   .          Harm     .   (no cloak)
rCorr   .          Rampage  .   (no gloves)
Will    +....                   (no barding)
Stlth   ++++......              (no amulet)
HPRegen 0.26/turn               l - ring of flight
MPRegen 0.18/turn               u - +6 ring of intelligence

@: flying, very slow
A: AC +3, large, see invisible, deformed body, poison resistance, slowness 2,
spit poison 1, naga tail 1
a: Spit Poison, Renounce Religion


You were on level 11 of the Dungeon.
You worshipped Vehumet.
Vehumet was pleased with you.
You visited 2 branches of the dungeon, and saw 12 of its levels.

You collected 767 gold pieces.
You spent 33 gold pieces at shops.

Inventory:

Hand Weapons
 a - a +0 dagger
 b - the +3 dagger of Amorality {drain, rN+}
   (You found it on level 6 of the Dungeon)

   A truly terrible weapon, it drains the life of any living foe it strikes.
   rN:        It protects you from negative energy.
 k - the +4 spear "Jellyslayer" (weapon) {flame, rC- rN+ Str+4 Dex+2}
   (You found it on level 2 of the Dungeon)

   It burns those it strikes, dealing additional fire damage.
   Str:       It affects your strength (+4).
   Dex:       It affects your dexterity (+2).
   rC:        It makes you vulnerable to cold.
   rN:        It protects you from negative energy.
 A - a +6 short sword of venom
 F - a +2 dagger of electrocution
Missiles
 y - 373 stones
 H - 2 throwing nets
Armour
 f - a +0 leather armour (worn)
 g - a +0 helmet (worn)
Jewellery
 l - a ring of flight (left hand)
 t - a ring of willpower
 u - a +6 ring of intelligence (right hand)
Wands
 j - a wand of acid (5)
 v - a wand of iceblast (17)
 x - a wand of paralysis (15)
Scrolls
 c - 3 scrolls of magic mapping
 e - a scroll of blinking {unknown}
 i - a scroll of summoning {unknown}
 m - a scroll of acquirement {unknown}
 n - a scroll of silence {unknown}
 q - 2 scrolls of vulnerability {unknown}
 r - a scroll of immolation {unknown}
 s - 2 scrolls of noise
 w - a scroll of fog {unknown}
 C - 2 scrolls of torment {unknown}
 D - a scroll of identify
 E - a scroll of amnesia {unknown}
 G - a scroll of enchant armour {unknown}
 I - a scroll of teleportation
 J - a scroll of enchant weapon {unknown}
Potions
 d - 3 potions of degeneration
 h - a potion of might
 o - 3 potions of curing
 p - a potion of magic
 z - a potion of attraction
 B - a potion of flight {unknown}


   Skills:
 + Level 5.9 Fighting
 + Level 4.9 Armour
 + Level 4.9 Dodging
 + Level 11.1 Stealth
 + Level 7.6 Spellcasting
 + Level 5.7 Conjurations
 + Level 1.0 Summonings
 + Level 2.6 Translocations
 + Level 1.4 Fire Magic
 + Level 3.1 Air Magic
 + Level 2.3 Earth Magic
 + Level 9.1 Poison Magic
 + Level 1.6 Evocations


You had 15 spell levels left.
You knew the following spells:

 Your Spells              Type           Power      Damage    Failure   Level
a - Magic Dart            Conj           100%       1d8       1%          1
b - Mephitic Cloud        Conj/Pois/Air  36%        N/A       1%          3
c - Conjure Flame         Conj/Fire      25%        6-21      5%          3
d - Blink                 Tloc           40%        N/A       4%          2
e - Sandblast             Erth           38%        2d10      3%          1

Your spell library contained the following spells:

 Spells                   Type           Power      Damage    Failure   Level
 Poisonous Vapours        Pois/Air       74%        N/A       1%          2
 Apportation              Tloc           40%        N/A       2%          1
 Ignite Poison            Fire/Tmut/Pois 25%        N/A       6%          3
 Slow                     Hex            32%        N/A       9%          1
 Call Imp                 Summ           13%        N/A       9%          2
 Sublimation of Blood     Necr           8%         N/A       13%         2
 Wereblood                Tmut           8%         N/A       13%         2
 Sticky Flame             Conj/Fire      25%        2d5       19%         4
 Ozocubu's Armour         Ice            8%         N/A       26%         3
 Alistair's Intoxication  Tmut/Pois      19%        N/A       34%         5
 Metabolic Englaciation   Hex/Ice        4%         N/A       93%         5
 Simulacrum               Ice/Necr       4%         N/A       100%        6
 Summon Hydra             Summ           6%         N/A       100%        7
 Chain Lightning          Conj/Air       14%        3d19      100%        9
 Fire Storm               Conj/Fire      12%        8d3       100%        9
 Shatter                  Erth           9%         3d11*     100%        9


Dungeon Overview and Level Annotations

Branches:
Dungeon (11/15)            Temple (1/1) D:5            Lair (0/6) D:9
    Orc (0/2) D:10

Altars:
Ashenzari
Cheibriados
Dithmenos
Elyvilon
Fedhas
Gozag
Hepliaklqana
Kikubaaqudgha
Makhleb
Nemelex Xobeh
Okawaru
Qazlal
Ru
Sif Muna
Trog
Uskayaw
Vehumet
Wu Jian
Xom
Yredelemnul
Zin
The Shining One

Shops:
D:7 :[?

Annotations:
D:7 2 transporters


Innate Abilities, Weirdness & Mutations

Your serpentine skin is tough. (AC +3)
You have supernaturally acute eyesight. (SInv)
Armour fits poorly on your strangely shaped body.
Your system is resistant to poisons. (rPois)
You cover ground very slowly.
You can spit poison.
You have a snake-like lower body.


Message History

Aiming: Mephitic Cloud (safe; 1% risk of failure)
Press: ? - help, Shift-Dir - straight line, f - two-headed ogre
Aim: a two-headed ogre, wielding two +0 giant spiked clubs (chance to affect: 53%)
The ball explodes into a vile cloud!
The stinking cloud engulfs the two-headed ogre but does no damage.
The two-headed ogre is engulfed in noxious fumes.
The two-headed ogre is engulfed in noxious fumes.
Casting: Mephitic Cloud (safe; 1% risk of failure)
Confirm with . or Enter, or press ? or * to list all spells.
Aiming: Mephitic Cloud (safe; 1% risk of failure)
Press: ? - help, Shift-Dir - straight line, f/p - two-headed ogre
Aim: a two-headed ogre, wielding two +0 giant spiked clubs (flame, lightly wounded, chance to affect: 53%)
The ball explodes into a vile cloud!
The stinking cloud engulfs the two-headed ogre but does no damage.
The two-headed ogre is lightly wounded.
The two-headed ogre is engulfed in blazing flames.
Unknown command.
You barely miss the two-headed ogre.
The two-headed ogre is moderately wounded.
The two-headed ogre is engulfed in noxious fumes.
The two-headed ogre appears confused.
The two-headed ogre closely misses you. x2
Unknown command.
You barely miss the two-headed ogre.
The two-headed ogre is moderately wounded.
The two-headed ogre is engulfed in noxious fumes.
The two-headed ogre appears confused.
You puncture the two-headed ogre! You burn the two-headed ogre.
The two-headed ogre is heavily wounded.
The two-headed ogre is engulfed in noxious fumes.
The two-headed ogre appears confused.
The two-headed ogre hits you with a +0 giant spiked club! x2
You catch the helpless two-headed ogre completely off-guard!
You puncture the two-headed ogre! You burn the two-headed ogre.
The two-headed ogre is severely wounded.
The two-headed ogre is engulfed in noxious fumes.
The two-headed ogre appears confused.
The two-headed ogre hits you with a +0 giant spiked club!!
* * * LOW HITPOINT WARNING * * *
The two-headed ogre hits you with a +0 giant spiked club!!
You die...

.####
#####################......
#...................†......
#................##########
#.##############.# #.# #.#
#.# #.# #.# #.# #.# #@# #.#
#O#
#.##############§#######
#......<.......°°.......
#................°......
###############...######
#...# #...# ....#


You could see a two-headed ogre (confused).

Vanquished Creatures
  Harold (D:10)
  3 two-headed ogres
  Nergalle (D:10)
  2 cyclopes
  An ugly thing (D:11)
  A manticore (D:11)
  A kobold demonologist (D:7)
  An unseen horror (D:8)
  A troll (D:10)
  Prince Ribbit (D:8)
  A hornet (D:7)
  A shadow (D:9)
  2 wyverns (D:7)
  Duvessa (D:7)
  An acid dragon (D:9)
  2 orc warriors (D:9)
  2 water moccasins
  2 sky beasts
  3 ice beasts
  4 centaurs
  5 ogres
  3 bullfrogs
  4 scorpions
  A water moccasin zombie (D:6)
  A gnoll sergeant (D:10)
  A wyvern skeleton (D:7)
  Dowan (D:7)
  11 killer bees
  4 wights (D:7)
  7 howler monkeys
  2 centaur zombies
  4 bullfrog zombies
  2 jellies
  3 hounds
  3 orc priests
  A bullfrog skeleton (D:6)
  5 iguanas
  3 orc wizards
  A howler monkey zombie (D:8)
  5 gnolls (D:10)
  7 adders
  4 white imps
  An ufetubus (D:4)
  An adder skeleton (D:4)
  3 worms
  3 dart slugs
  17 orcs
  7 endoplasms
  3 giant cockroaches
  7 goblins
  11 hobgoblins
  4 jackals (D:1)
  2 quokkas
  4 ball pythons
  3 bats
  2 frilled lizards
  3 kobolds
  6 rats
187 creatures vanquished.

Notes
Turn   | Place    | Note
-------+----------+-------------------------------------------
     0 | D:1      | zazu2006 the Naga Hedge Wizard began the quest for the Orb.
     0 | D:1      | Reached XP level 1. HP: 15/15 MP: 4/4
     0 | D:1      | Noticed a jelly
     1 | D:1      | Found a runed translucent door.
   361 | D:1      | Reached XP level 2. HP: 22/22 MP: 3/6
   932 | D:2      | Reached XP level 3. HP: 28/28 MP: 3/7
  1045 | D:2      | Learned a level 3 spell: Mephitic Cloud
  1049 | D:2      | Learned a level 3 spell: Conjure Flame
  1557 | D:2      | Identified the +4 spear "Jellyslayer" {flame, rC- rN+ Str+4
                  | Dex+2}
  2051 | D:3      | Found a faded altar of an unknown god.
  2066 | D:3      | Reached skill level 1 in Poison Magic
  2066 | D:3      | Reached XP level 4. HP: 28/36 MP: 9/9
  2859 | D:4      | Noticed a scorpion
  2864 | D:4      | Killed a scorpion
  2865 | D:4      | Reached skill level 1 in Armour
  2865 | D:4      | Reached XP level 5. HP: 42/42 MP: 6/10
  2897 | D:4      | Noticed an ogre
  2905 | D:4      | Killed an ogre
  3075 | D:4      | Reached XP level 6. HP: 49/49 MP: 6/12
  3295 | D:4      | Learned a level 2 spell: Blink
  3510 | D:4      | Noticed a +0 hand axe
  3511 | D:4      | Noticed a +0 hand axe
  3512 | D:4      | Found a hide-covered altar of Uskayaw.
  3934 | D:5      | Entered Level 5 of the Dungeon
  4089 | D:5      | Noticed an ice beast
  4109 | D:5      | Killed an ice beast
  4110 | D:5      | Reached skill level 1 in Fighting
  4110 | D:5      | Reached skill level 4 in Stealth
  4110 | D:5      | Reached XP level 7. HP: 49/57 MP: 7/13
  4625 | D:5      | Found a staircase to the Ecumenical Temple.
  4634 | Temple   | Entered the Ecumenical Temple
  4757 | Temple   | Became a worshipper of Vehumet
  4878 | D:5      | Reached skill level 5 in Spellcasting
  4970 | D:5      | Reached XP level 8. HP: 39/66 MP: 15/15
  5341 | D:6      | Reached skill level 5 in Poison Magic
  5528 | D:6      | Noticed a cyclops
  5590 | D:6      | Reached skill level 1 in Air Magic
  5883 | D:6      | Identified the +3 dagger of Amorality {drain, rN+}
  5948 | D:6      | Killed a cyclops
  5949 | D:6      | Reached skill level 5 in Stealth
  5949 | D:6      | Reached XP level 9. HP: 74/74 MP: 11/17
  6046 | D:6      | Reached * piety under Vehumet
  6046 | D:6      | Offered knowledge of Sandblast by Vehumet.
  6289 | D:6      | Learned a level 1 spell: Sandblast
  6354 | D:6      | Reached skill level 6 in Stealth
  7467 | D:7      | Found Vurrin's Magic Scroll Shop.
  7484 | D:7      | Bought a scroll of noise for 11 gold pieces
  7484 | D:7      | Bought a scroll of identify for 22 gold pieces
  7524 | D:7      | Noticed a two-headed ogre
  7553 | D:7      | Killed a two-headed ogre
  7825 | D:7      | Noticed a kobold demonologist
  7839 | D:7      | Killed a kobold demonologist
  7886 | D:7      | Reached skill level 7 in Stealth
  7966 | D:7      | Found a transporter.
  8001 | D:7      | Noticed Duvessa
  8006 | D:7      | Noticed Dowan
  8238 | D:7      | Found Cyempuf's Armour Shoppe.
  8328 | D:7      | Killed Duvessa
  8329 | D:7      | Reached XP level 10. HP: 53/86 MP: 17/19
  8332 | D:7      | Killed Dowan
  8701 | D:7      | Found Moakhuck's Book Shoppe.
  8724 | D:7      | Found a transporter.
  8804 | D:7      | Reached skill level 5 in Conjurations
  8820 | D:7      | Reached skill level 1 in Fire Magic
  9617 | D:8      | Reached skill level 8 in Stealth
  9878 | D:8      | Noticed an unseen horror
  9893 | D:8      | Killed an unseen horror
 10311 | D:8      | Noticed Prince Ribbit
 10324 | D:8      | Killed Prince Ribbit
 10820 | D:9      | Reached skill level 9 in Stealth
 10830 | D:9      | Offered knowledge of Poisonous Vapours by Vehumet.
 10857 | D:9      | Reached skill level 5 in Fighting
 11168 | D:9      | Found a staircase to the Lair.
 11208 | D:9      | Noticed a two-headed ogre
 11226 | D:9      | Killed a two-headed ogre
 11227 | D:9      | Reached skill level 1 in Earth Magic
 11365 | D:9      | Reached ** piety under Vehumet
 11374 | D:9      | Reached skill level 10 in Stealth
 11401 | D:9      | Reached XP level 11. HP: 38/96 MP: 17/21
 11853 | D:10     | Entered Level 10 of the Dungeon
 11965 | D:10     | Noticed a two-headed ogre
 11967 | D:10     | Found a staircase to the Orcish Mines.
 11997 | D:10     | Noticed Nergalle
 11999 | D:10     | HP: 3/96 [two-headed ogre (21)]
 12002 | D:10     | Killed a two-headed ogre
 12003 | D:10     | Reached skill level 1 in Evocations
 12498 | D:10     | Killed Nergalle
 12776 | D:10     | Noticed Harold
 12801 | D:10     | Killed Harold
 13211 | D:11     | Noticed a purple ugly thing
 13222 | D:11     | Killed a purple ugly thing
 13328 | D:11     | Noticed a manticore
 13329 | D:11     | Reached skill level 11 in Stealth
 13337 | D:11     | Noticed a cyclops
 13347 | D:11     | Killed a manticore
 13349 | D:11     | Killed a cyclops
 13427 | D:11     | Noticed a two-headed ogre
 13440 | D:11     | Mangled by a two-headed ogre

Illustrated notes

Levels and vault maps discovered:
D:1:      dpeg_arrival_caged_fury, layout_basic, minivault_27,
          hangedman_decor_opposing
D:2:      minmay_chambers_of_ones, layout_rooms, minmay_quadrilaterals
D:3:      layout_rooms, chequers_ecumenical_altar_simple, grunt_decor_cap,
          minmay_hedge_maze
D:4:      layout_gridville, dancing_weapons_uskayaw, amethyst_killhole,
          kennysheep_generic_room_4
D:5:      layout_rooms, minmay_temple_entry_statues_fountains
D:6:      layout_basic, amcnicky_mini_corridor_feature
D:7:      gammafunk_cloud_chamber, layout_rooms, serial_shops,
          nicolae_shop_behind_doors, nicolae_shop_competitors_out_of_business,
          nicolae_shop_trees, uniq_duvessa
D:8:      layout_basic, chequers_serial_rivers_room_b, item_on_display_a,
          uniq_prince_ribbit1
D:9:      layout_rooms, lair_entry_dummy
D:10:     layout_cave_pools, orc_0_dummy, uniq_nergalle, uniq_harold
D:11:     layout_long_grid, minmay_stone_trees_medium
Temple:   mainiacjoe_temple_archimedes_tessellation

Skill      XL: |  1  2  3  4  5  6  7  8  9 10 11 |
---------------+----------------------------------+-----
Conjurations   | 2 3 4 5 |  5.7
Poison Magic   | 1 2 3 4 6 7 8 9 |  9.1
Armour         | 1 2 3 4 |  4.9
Dodging        | 2 3 4 |  4.9
Spellcasting   | 4 5 6 7 |  7.6
Fighting       | 1 2 4 5 |  5.9
Stealth        | 4 5 7 10 11 | 11.1
Air Magic      | 1 2 3 |  3.1
Translocations | 2 |  2.6
Fire Magic     | 1 |  1.4
Earth Magic    | 1 2 |  2.3
Evocations     | 1 |  1.6
Summonings     | |  1.0

Action                   |  1- 3 |  4- 6 |  7- 9 | 10-12 || total
-------------------------+-------+-------+-------+-------++-------
Melee: Dagger            |     8 |       |       |       ||     8
       Spear             |     6 |    46 |   206 |   288 ||   546
       Punch             |       |       |     1 |     2 ||     3
 Cast: Magic Dart        |    66 |    82 |    40 |    22 ||   210
       Conjure Flame     |       |     3 |     6 |     7 ||    16
       Mephitic Cloud    |       |     2 |    15 |    41 ||    58
       Blink             |       |       |     3 |     8 ||    11
       Sandblast         |       |       |       |    17 ||    17
 Abil: Spit Poison       |    15 |     2 |     7 |    16 ||    40
Evoke: Wand              |       |       |       |    12 ||    12
  Use: Potion            |       |       |     5 |     3 ||     8
       Scroll            |       |       |     4 |     3 ||     7
 Stab: Sleeping          |     1 |       |     2 |     1 ||     4
       Confused          |       |     1 |     8 |    23 ||    32
       Paralysed         |       |       |       |     3 ||     3
Armor: Leather armour    |     2 |     9 |    85 |    80 ||   176
       Skin              |       |       |       |    24 ||    24
Dodge: Dodged            |    13 |    10 |    88 |   147 ||   258

Table legend: (Time is in decaauts)
 A = Elapsed time spent in this place.
 B = Non-inter-level travel time spent in this place.
 C = Inter-level travel time spent in this place.
 D = Time resting spent in this place.
 E = Time spent auto-exploring this place.
 F = Levels seen in this place.
 G = Mean time per level.
                   A        B        C        D        E       F      G
               +--------+--------+--------+--------+--------+-----+--------+
         Total |  15912 |  15118 |    794 |   1913 |  10903 |  12 | 1326.0 |
       Dungeon |  15632 |  14872 |    760 |   1913 |  10691 |  11 | 1421.1 |
        Temple |    280 |    246 |     34 |      0 |    211 |   1 |  280.0 |
               +--------+--------+--------+--------+--------+-----+--------+

Top non-repeatable levels by time:
     D:6: 2145 daAuts
     D:7: 2097 daAuts
     D:4: 1597 daAuts
     D:9: 1586 daAuts
     D:2: 1518 daAuts
     D:5: 1493 daAuts
     D:8: 1403 daAuts
    D:10: 1248 daAuts
     D:1: 1203 daAuts
     D:3: 1068 daAuts
  Temple: 280 daAuts
    D:11: 269 daAuts
